Map: Dasan Station LE

Players

NineSpot

  • Race: Terran Terran
  • League: Platinum

Tenonee - Winner!

  • Race: Terran Terran
  • League: Platinum

VOD

Have the link to the VOD?

Description

Time

  • Played on: July 24, 2016, 2:21 a.m.
  • Length: 14:29
Show
View Real Time Build Order
Export as new Build Order

NineSpot Terran 

Build Orders: Reaper Expand 

Get SALT Encoding   

  12  0:01  SCV  
  13  0:13  SCV  
  14  0:17  Supply Depot  
  14  0:25  SCV  
  15  0:40  SCV  
  16  0:43  Barracks  
  16  0:47  Refinery  
  16  0:55  SCV  
  17  1:10  SCV  
  18  1:22  SCV  
  19  1:34  Reaper  
  19  1:35  Orbital Command  
  20  1:51  Command Center  
  20  1:55  Supply Depot  
  20  2:01  SCV  
  20  2:13  Marine  
  21  2:18  Factory  
  21  2:19  Refinery  
  21  2:41  SCV  
  22  2:49  Barracks Tech Lab  
  22  3:03  Starport  
  22  3:08  SCV  
  22  3:10  Barracks  
  22  3:12  Barracks  
  23  3:13  Orbital Command  
  25  3:20  Widow Mine  
  25  3:23  Marine  
  26  3:35  SCV  
  27  3:41  Marine  
  27  3:45  Starport Tech Lab  
  28  3:49  SCV x2  
  28  3:54  Factory Tech Lab  
  30  4:00  Barracks Reactor x2  
  30  4:02  SCV  
  31  4:04  Cloaking Field  
  31  4:10  SCV  
  31  4:14  SCV  
  33  4:22  SCV  
  34  4:24  Banshee, Supply Depot  
  34  4:26  Marine  
  34  4:30  SCV  
  39  4:44  Marine x4  
  43  4:53  Siege Tank  
  43  4:55  Command Center  
  43  5:08  Marine x3  
  46  5:20  Marine x2  
  40  6:05  Supply Depot  
  40  6:07  Marine x2  
  40  6:08  Siege Tank, SCV  
  46  6:13  Barracks  
  46  6:17  Barracks  
  46  6:20  Engineering Bay  
  46  6:26  Banshee, Marine x3, SCV x2  
  54  6:49  Supply Depot  
  54  6:51  Terran Infantry Weapons Level 1  
  54  6:56  Barracks  
  54  7:10  Marine x4, Siege Tank, SCV  
  62  7:19  SCV  
  60  7:22  SCV  
  61  7:31  SCV  
  60  7:41  Marine x2  
  62  7:45  Marine  
  62  7:47  Supply Depot  
  62  7:49  Viking, Marine, Siege Tank  
  68  8:02  Marine x2  
  70  8:05  Stimpack  
  70  8:07  Barracks Reactor  
  70  8:08  Barracks Reactor  
  70  8:10  Factory  
  70  8:11  Supply Depot  
  66  8:41  Marine x2  
  66  8:43  Marine x2  
  66  8:44  Siege Tank  
  66  8:47  Marine x4  
  66  8:48  Marine, SCV x2  
  79  8:54  Supply Depot  
  80  8:55  Supply Depot  
  80  8:58  Starport Reactor  
  80  8:59  Marine x2  
  80  9:00  SCV  
  80  9:01  Marine x2  
  85  9:05  Marine  
  85  9:06  Terran Infantry Armor Level 1  
  85  9:08  Factory Tech Lab  
  86  9:11  Supply Depot  
  86  9:13  Marine x4, SCV x2  
  92  9:17  Marine x2  
  92  9:19  Marine x2  
  92  9:22  Marine  
  92  9:23  Siege Tank  
  92  9:24  Refinery  
  100  9:25  Refinery, SCV  
  100  9:31  Marine x4  
  105  9:35  Marine x2  
  105  9:37  Marine  
  108  9:39  Marine  
  108  9:40  Medivac x2, Marine  
  108  9:44  SCV  
  108  9:45  SCV  
  116  9:48  Marine x2  
  118  9:57  Supply Depot  
  118  9:58  Supply Depot  
  118  10:00  Supply Depot  
  118  10:04  Siege Tank, SCV x2  
  118  10:05  Siege Tank  
  126  10:08  Marine x8  
  134  10:18  Viking x2, Marine  
  139  10:26  Marine x2  
  110  11:34  Supply Depot x2  
  110  11:36  Marine x2  
  102  11:55  Marine x9  
  102  12:00  Supply Depot  
  111  12:02  Supply Depot  
  111  12:05  Command Center  
  111  12:08  Siege Tank  
  114  12:13  Marine x7  
  83  12:29  Marine  
  78  12:30  Marine x4  
  78  12:31  Medivac  
  78  12:32  Medivac  
  78  12:34  Marine x2  
  70  12:52  Marine x4  
  70  12:53  Marine x5  
  70  12:55  Orbital Command  
  59  13:10  Marine x2  
  59  13:11  Marine x7  
  68  13:28  Marine x2  
Show
View Real Time Build Order
Export as new Build Order

Tenonee Terran - Winner!

Build Orders: Reaper Expand 

Get SALT Encoding   

  12  0:02  SCV  
  13  0:14  SCV  
  14  0:18  Supply Depot  
  14  0:26  SCV  
  15  0:39  SCV  
  15  0:42  Barracks  
  16  0:49  Refinery  
  16  0:52  SCV  
  17  1:05  SCV  
  18  1:18  SCV  
  19  1:32  Reaper  
  20  1:34  Orbital Command  
  20  1:45  Command Center  
  20  1:56  Supply Depot  
  20  2:00  SCV  
  21  2:12  Barracks Reactor, SCV  
  22  2:33  Factory  
  22  2:41  SCV  
  22  2:45  Barracks  
  22  2:50  Marine x2  
  24  2:53  SCV  
  26  3:00  Refinery  
  26  3:04  Orbital Command  
  25  3:06  SCV  
  25  3:10  Marine  
  25  3:11  Marine  
  28  3:18  SCV  
  29  3:21  Factory Tech Lab  
  28  3:28  Marine  
  28  3:31  SCV  
  30  3:37  Marine  
  31  3:44  Supply Depot  
  31  3:46  Barracks Tech Lab  
  31  3:47  Siege Tank  
  35  3:48  SCV x2  
  36  3:57  Starport  
  36  3:59  Marine  
  36  4:00  Marine, SCV x2  
  40  4:10  Stimpack  
  40  4:12  SCV  
  40  4:13  SCV  
  42  4:17  Marine  
  42  4:22  Marine x2  
  45  4:24  SCV  
  45  4:25  SCV  
  47  4:37  SCV x2  
  47  4:38  Engineering Bay  
  49  4:40  Medivac  
  51  4:49  SCV x2  
  51  4:50  Marine  
  54  5:07  Supply Depot  
  54  5:08  Supply Depot  
  54  5:10  Marine x3, SCV  
  58  5:28  Marine x3  
  61  5:40  Barracks x2  
  59  5:45  Marine  
  59  5:47  Marine x2  
  59  5:48  Siege Tank  
  59  5:49  Starport Reactor  
  62  5:55  Command Center  
  59  6:03  Marine  
  60  6:05  Marine  
  60  6:09  SCV x2  
  63  6:11  Missile Turret  
  63  6:13  Missile Turret  
  63  6:16  Refinery x2  
  63  6:20  Terran Infantry Weapons Level 1  
  63  6:21  SCV x2  
  63  6:23  Engineering Bay  
  63  6:24  Siege Tank  
  63  6:25  Marine x2, Marauder  
  72  6:28  Viking, Medivac  
  72  6:30  Barracks Reactor  
  76  6:33  SCV  
  76  6:34  SCV  
  78  6:49  Supply Depot x2  
  78  6:51  Supply Depot  
  78  7:00  Barracks Tech Lab  
  78  7:06  SCV x2, Marine x2, Siege Tank, Medivac  
  87  7:21  Marine  
  87  7:22  Marine x3  
  91  7:24  Marine x2  
  91  7:29  Terran Infantry Armor Level 1  
  93  7:35  Factory  
  84  7:39  Marine  
  84  7:43  Marine x5  
  90  7:45  Viking, Siege Tank  
  95  7:57  Marine  
  96  8:00  Marine  
  96  8:01  Marine x3, Marauder  
  100  8:15  Marine  
  100  8:19  Marauder  
  96  8:23  Marine x2  
  96  8:24  Marine, Marauder  
  96  8:25  Viking x2, Siege Tank  
  108  8:33  Marine  
  107  8:36  Orbital Command  
  107  8:38  SCV x2  
  109  8:49  Marine x2  
  109  8:50  SCV x2, Marine x2, Marauder  
  109  8:53  Factory Tech Lab  
  117  8:59  Marine  
  118  9:03  SCV  
  118  9:04  SCV x2  
  118  9:07  Marine  
  122  9:11  Armory  
  122  9:15  SCV  
  123  9:19  Viking  
  125  9:38  Supply Depot  
  125  9:39  Supply Depot x2  
  125  9:44  Viking, Marine x2, SCV x2  
  131  9:49  Viking  
  131  9:51  Marine, Marauder  
  136  10:02  Marine x2  
  136  10:03  Marine, Marauder  
  136  10:04  Siege Tank x2  
  136  10:06  Terran Infantry Weapons Level 2  
  147  10:09  Marine  
  147  10:12  Marauder  
  150  10:20  Marine x2  
  150  10:21  Marine  
  153  10:29  Marine, Marauder  
  153  10:36  Siege Tank  
  141  10:50  Marine  
  141  10:51  Marine x3, Marauder  
  141  10:52  Marine  
  148  11:01  Terran Ship Weapons Level 1  
  146  11:08  Marine  
  146  11:09  Marine, Terran Infantry Armor Level 2  
  146  11:10  Marine x3  
  151  11:12  Marine  
  142  11:26  Marine x2  
  142  11:28  Marine x3  
  136  11:44  Siege Tank  
  136  11:45  Siege Tank  
  134  11:52  Marine, Marauder  
  137  11:58  Marine x3, Marauder  
  137  12:00  Viking, Medivac  
  146  12:07  Starport  
  146  12:10  Marine  
  146  12:13  Marine  
  148  12:15  Marine  
  148  12:16  Marine x2, Siege Tank  
  148  12:21  Supply Depot x2  
  130  12:23  Command Center  
  130  12:28  Marauder  
  117  12:30  Marine, Medivac  
  117  12:31  Marauder  
  117  12:33  Marine x2  
  117  12:34  Marine  
  124  12:47  Siege Tank  
  124  12:48  Marine  
  124  12:49  Siege Tank, Marauder  
  133  12:51  Marine x3  
  133  12:53  Marauder  
  130  13:04  Viking, Medivac  
  121  13:05  Marine  
  121  13:09  Marine x3  
  121  13:11  Marauder  
  127  13:14  Marine  
  127  13:19  Siege Tank  
  131  13:23  Marine  
  131  13:26  Refinery x2, SCV x3  
  135  13:27  Marine, Reaper  
  135  13:32  Marauder x2  
  135  13:34  Medivac  
  143  13:35  Refinery  
  143  13:37  Refinery  
  135  13:48  Marine x2  
  133  13:53  Command Center, Marauder  
  133  13:54  Marine, Marauder  
  140  13:59  Marine  
Tags
 
Add a new tag
Caveats
  • Supply blocks, unpowered buildings, or Contaminate may cause inaccurate times.
  • Supply counts are checked every 10 seconds.